 Dungeon Crawl Stone Soup version 0.31-a0-66-ge618eeaa78 (webtiles) character file.

Game seed: 8085223167336310278

859 Dirtsage the Cleaver (level 7, -23/53 HPs)
             Began as a Demonspawn Berserker on May 22, 2023.
             Was an Elder of Trog.
             Annihilated by an ogre
             ... wielding a +0 giant spiked club
              (27 damage)
             ... on level 5 of the Dungeon.
             The game lasted 00:07:36 (3947 turns).

Dirtsage the Cleaver (Demonspawn Berserker)         Turns: 3947, Time: 00:07:37

Health: -23/53     AC: 15    Str: 20    XL:     7   Next: 71%
Magic:  7/7        EV:  9    Int:  8    God:    Trog [****..]
Gold:   118        SH:  3    Dex: 12    Spells: 6/6 levels left

rFire   . . .        a - +0 hand axe
rCold   + + .        u - -1 buckler of Jiagrugg {rC++}
rNeg    + . .        y - +0 scale mail
rPois   .            (helmet restricted)
rElec   .            m - +2 cloak
rCorr   .            f - +0 pair of gloves
SInv    .            i - +1 pair of boots
Will    .....        t - amulet of faith Stlth
                     N - ring of positive energy
HPRegen 0.28/turn    (no ring)
MPRegen 0.10/turn

%: faith
@: no status effects
A: horns 1, yellow scales 2, demonic guardian 1
a: Renounce Religion, Berserk, Trog's Hand, Brothers in Arms


You were on level 5 of the Dungeon.
You worshipped Trog.
Trog was greatly pleased with you.
You visited 1 branch of the dungeon, and saw 5 of its levels.

You collected 118 gold pieces.

Inventory:

Hand Weapons
 a - a +0 hand axe (weapon)
Missiles
 o - 2 throwing nets (quivered)
Armour
 e - a +0 ring mail
 f - a +0 pair of gloves (worn)
 i - a +1 pair of boots (worn)
 m - a +2 cloak (worn)
 u - the -1 buckler of Jiagrugg (worn) {rC++}
   (You found it on level 4 of the Dungeon)

   rC:        It greatly protects you from cold.
 y - a +0 scale mail (worn)
Jewellery
 t - an amulet of faith (around neck)
 N - a ring of positive energy (left hand)
Wands
 v - a wand of quicksilver (5)
Scrolls
 b - 4 scrolls of amnesia {unknown}
 g - 6 scrolls of identify {unknown}
 k - a scroll of enchant weapon {unknown}
 l - 4 scrolls of magic mapping {unknown}
 p - 4 scrolls of enchant armour {unknown}
 x - a scroll of blinking {unknown}
 A - a scroll of immolation {unknown}
 C - a scroll of fog {unknown}
Potions
 c - 4 potions of ambrosia {unknown}
 d - 4 potions of heal wounds {unknown}
 h - a potion of cancellation {unknown}
 j - 3 potions of might {unknown}
 n - a potion of attraction {unknown}
 q - 6 potions of curing
 r - a potion of mutation {unknown}
 s - a potion of berserk rage {unknown}
 w - 2 potions of degeneration {unknown}
 z - a potion of brilliance {unknown}
 B - 2 potions of enlightenment {unknown}


   Skills:
 + Level 3.7 Fighting
 * Level 8.0 Axes
 - Level 1.7 Armour
 - Level 1.7 Dodging
 + Level 1.7 Shields


You had 6 spell levels left.
You didn't know any spells.
Your spell library contained the following spells:

 Spells                   Type           Power      Damage    Failure   Level
 Vhi's Electric Charge    Tloc/Air       0%         N/A       99%         3
 Arcjolt                  Conj/Air       0%         1d10      100%        5
 Plasma Beam              Fire/Air       0%         2x1d11    100%        6
 Chain Lightning          Conj/Air       0%         N/A       100%        9
 Fire Storm               Conj/Fire      0%         5d1       100%        9
 Shatter                  Erth           0%         3d5*      100%        9


Dungeon Overview and Level Annotations

Branches:
Dungeon (5/15)             Temple (0/1) D:5

Altars:
Hepliaklqana


Innate Abilities, Weirdness & Mutations

You have a pair of small horns on your head.
You are mostly covered in yellow scales. (AC +3)
A weak demonic guardian rushes to your aid.


Message History

The ogre is almost dead.
You hit the ogre. Your headbutt misses the ogre.
The ogre is almost dead.
The ogre hits you with a +0 giant club.
You barely miss the ogre.
The ogre is almost dead.
You hit the ogre.
You kill the ogre!
Trog accepts your kill.
Your Axes skill increases to level 8!
l - 4 scrolls labelled CITAAPT REUMYL VAI (gained 1)
B - 2 pink potions
C - a scroll labelled ZIGEFA TUEM You now have 118 gold pieces (gained 11).
You regained 2 hp, and now have 38/53 hp.
You hear the brisk rusting of a drain very nearby.
You regained 2 hp, and now have 41/53 hp.
An ogre comes into view. It is wielding a +0 giant spiked club.
The ogre shouts!
The ogre hits you with a +0 giant spiked club!
You take 10 damage, and have 33/53 hp.
You closely miss the ogre. You completely miss the ogre.
The ogre barely misses you.
You hit the ogre.
The ogre is moderately wounded.
The ogre barely misses you.
You hit the ogre but do no damage.
The ogre is moderately wounded.
You hit the ogre. You headbutt the ogre!
The ogre is severely wounded.
The ogre hits you with a +0 giant spiked club!!
Ouch! That really hurt!
* * * LOW HITPOINT WARNING * * *
A demonic guardian appears!
You take 30 damage, and have 4/53 hp.
MASSIVE DAMAGE!!
You hit the ogre.
The ogre is almost dead.
The ogre hits you with a +0 giant spiked club!!
Ouch! That really hurt!
You die...

...[..<# .......#
#........# .......#
#........# .......#
#........# .......#
#........# ..)....#
#........# .......#
#........# .......#
#..5.....#
.#.#...######...@O...#
.............#########
...#.........#
.............#
...#.........#
.............#
...#.........#
.....######### .#.#.#


You could see an ogre (ally target) and a friendly iron imp (summoned).

Vanquished Creatures
  Grinder (D:3)
  An ogre (D:5)
  A phantom (D:5)
  A howler monkey (D:3)
  A jelly (D:4)
  An orc priest (D:3)
  A hound (D:4)
  Terence (D:2)
  A sleepcap (D:5)
  2 iguanas
  2 orc wizards
  5 gnolls
  5 adders
  A white imp (D:5)
  An ufetubus (D:5)
  11 orcs
  14 ball pythons
  4 endoplasms
  5 giant cockroaches
  5 goblins
  8 hobgoblins
  9 jackals
  9 kobolds
  6 quokkas
  3 bats
  5 frilled lizards
  8 rats
112 creatures vanquished.

Vanquished Creatures (collateral kills)
  2 gnolls (D:2)
  A hobgoblin (D:2)
  A frilled lizard (D:3)
4 creatures vanquished.

Vanquished Creatures (others)
  An endoplasm (D:3)
1 creature vanquished.

Grand Total: 117 creatures vanquished

Notes
Turn   | Place    | Note
-------+----------+-------------------------------------------
     0 | D:1      | Dirtsage the Demonspawn Berserker began the quest for the
                  | Orb.
     0 | D:1      | Reached XP level 1. HP: 18/18 MP: 1/1
    38 | D:1      | Reached skill level 3 in Axes
    71 | D:1      | Gained mutation: You have a pair of small horns on your
                  | head. [demonic ancestry]
    71 | D:1      | Reached XP level 2. HP: 24/24 MP: 2/2
    71 | D:1      | Found a faded altar of an unknown god.
   327 | D:1      | Reached ** piety under Trog
   337 | D:1      | Gained mutation: A weak demonic guardian rushes to your
                  | aid. [demonic ancestry]
   337 | D:1      | Reached XP level 3. HP: 24/29 MP: 3/3
   761 | D:2      | Reached skill level 4 in Axes
   793 | D:2      | Noticed Terence
   807 | D:2      | Killed Terence
   808 | D:2      | Gained mutation: You are partially covered in yellow
                  | scales. (AC +2) [demonic ancestry]
   808 | D:2      | Reached XP level 4. HP: 33/35 MP: 4/4
   986 | D:2      | Reached skill level 5 in Axes
  1534 | D:3      | Reached XP level 5. HP: 26/41 MP: 5/5
  1926 | D:3      | Found a hazy altar of Hepliaklqana.
  1993 | D:3      | Reached skill level 6 in Axes
  2123 | D:3      | Reached *** piety under Trog
  2405 | D:3      | Noticed Grinder
  2420 | D:3      | Killed Grinder
  2421 | D:3      | Reached skill level 7 in Axes
  2421 | D:3      | Reached XP level 6. HP: 47/47 MP: 6/6
  2763 | D:4      | Identified the -1 buckler of Jiagrugg {rC++}
  2833 | D:4      | Gained mutation: You are mostly covered in yellow scales.
                  | (AC +3) [demonic ancestry]
  2833 | D:4      | Reached XP level 7. HP: 45/52 MP: 7/7
  3577 | D:5      | Entered Level 5 of the Dungeon
  3724 | D:5      | Reached skill level 1 in Shields
  3801 | D:5      | Reached **** piety under Trog
  3889 | D:5      | Found a staircase to the Ecumenical Temple.
  3913 | D:5      | Reached skill level 8 in Axes
  3947 | D:5      | Annihilated by an ogre

Illustrated notes

Levels and vault maps discovered:
D:1:      roderic_dead_forest, layout_basic, nicolae_ecumenical_snake_handling,
          st_stairs_9, grunt_decor_fettered, minivault_23
D:2:      layout_basic, uniq_terence
D:3:      layout_basic, mainiacjoe_overflow_tiny_flanked, nrook_campfire,
          st_stairs_3, grunt_ministairs_12, lexackson_kobold_supper,
          uniq_grinder
D:4:      layout_loops_ring
D:5:      layout_gridville, minmay_temple_entry_glass, portal_sewer_entry_b,
          minivault_24

Skill      XL: |  1  2  3  4  5  6  7 |
---------------+----------------------+-----
Axes           | 3 4 5 7 8 |  8.0
Shields        | 1 |  1.7
Fighting       | |  3.7
Armour         | |  1.7
Dodging        | |  1.7

Action                     |  1- 3 |  4- 6 |  7- 9 || total
---------------------------+-------+-------+-------++-------
  Melee: Hand axe          |    84 |   190 |   117 ||   391
         Headbutt          |    12 |    26 |    17 ||    55
         Punch             |       |     4 |       ||     4
 Invoke: Berserk           |     1 |     4 |       ||     5
    Use: Potion            |       |     1 |       ||     1
 Armour: Animal skin       |     2 |       |       ||     2
         Ring mail         |    26 |    83 |    32 ||   141
         Scale mail        |       |       |    27 ||    27
  Dodge: Dodged            |    50 |   110 |    51 ||   211
  Block: Buckler           |       |       |    11 ||    11

Table legend: (Time is in decaauts)
 A = Elapsed time spent in this place.
 B = Non-inter-level travel time spent in this place.
 C = Inter-level travel time spent in this place.
 D = Time resting spent in this place.
 E = Time spent auto-exploring this place.
 F = Levels seen in this place.
 G = Mean time per level.
                   A        B        C        D        E       F      G
               +--------+--------+--------+--------+--------+-----+--------+
         Total |   3995 |   3760 |    235 |    324 |   2680 |   5 |  799.0 |
       Dungeon |   3995 |   3760 |    235 |    324 |   2680 |   5 |  799.0 |
               +--------+--------+--------+--------+--------+-----+--------+

Top non-repeatable levels by time:
     D:3: 1280 daAuts
     D:2: 883 daAuts
     D:4: 845 daAuts
     D:1: 619 daAuts
     D:5: 365 daAuts
